Map: Proxima Station LE

Players

PtitDrogo - Winner!

  • Race: Protoss Protoss
  • Spawn Location: 1:00

Raze

  • Race: Terran Terran
  • Spawn Location: 7:00

Event: WCS Austin 2017

VOD

Have the link to the VOD?

Description

Time

  • Played on: April 28, 2017, 8:40 p.m.
  • Length: 8:58

All games in this series

Show
View Real Time Build Order
Export as new Build Order

PtitDrogo Protoss - Winner!

Build Orders: 1 Gate Expand 

Get SALT Encoding   

  12  0:00  Probe (Chrono Boost)  
  13  0:11  Probe (Chrono Boost)  
  14  0:18  Pylon  
  14  0:22  Probe (Chrono Boost)  
  15  0:36  Probe (Chrono Boost), Gateway  
  15  0:41  Assimilator  
  16  0:46  Probe (Chrono Boost)  
  18  0:57  Probe (Chrono Boost)  
  18  1:07  Probe (Chrono Boost)  
  19  1:19  Nexus  
  19  1:29  Cybernetics Core  
  19  1:31  Probe (Chrono Boost)  
  20  1:36  Assimilator  
  20  1:42  Probe (Chrono Boost)  
  21  1:47  Pylon  
  21  1:52  Probe (Chrono Boost)  
  22  2:03  Probe (Chrono Boost)  
  22  2:04  Stalker  
  22  2:05  Warp Gate  
  25  2:20  Probe (Chrono Boost)  
  26  2:31  Probe (Chrono Boost)  
  26  2:32  Mothership Core (Chrono Boost)  
  29  2:40  Stalker  
  29  2:42  Probe (Chrono Boost)  
  32  2:51  Probe (Chrono Boost)  
  33  2:52  Probe (Chrono Boost)  
  33  2:54  Robotics Facility  
  34  3:01  Probe (Chrono Boost)  
  34  3:03  Probe (Chrono Boost)  
  36  3:12  Probe (Chrono Boost)  
  37  3:13  Probe (Chrono Boost)  
  37  3:17  Gateway  
  38  3:20  Gateway  
  38  3:24  Probe x2 (Chrono Boost)  
  40  3:31  Pylon  
  40  3:34  Probe (Chrono Boost)  
  40  3:36  Probe (Chrono Boost)  
  40  3:38  Observer  
  43  3:45  Probe (Chrono Boost)  
  43  3:46  Twilight Council  
  43  3:48  Forge  
  45  3:50  Probe (Chrono Boost)  
  46  3:55  Probe (Chrono Boost)  
  46  4:02  Observer, Probe (Chrono Boost)  
  47  4:06  Assimilator x2, Probe (Chrono Boost)  
  49  4:14  Probe (Chrono Boost)  
  49  4:16  Probe (Chrono Boost)  
  51  4:19  Pylon  
  51  4:21  Pylon, Protoss Ground Weapons Level 1  
  51  4:26  Probe (Chrono Boost)  
  51  4:31  Resonating Glaives  
  51  4:37  Probe (Chrono Boost)  
  51  4:42  Stalker x3  
  51  4:45  Probe (Chrono Boost)  
  58  4:49  Warp Prism, Probe (Chrono Boost)  
  61  5:03  Stargate  
  61  5:09  Adept x3  
  61  5:13  Pylon  
  67  5:16  Pylon  
  62  5:39  Probe (Chrono Boost)  
  62  5:40  Probe (Chrono Boost)  
  62  5:41  Void Ray  
  66  5:58  Probe (Chrono Boost)  
  66  6:22  Probe (Chrono Boost)  
  63  6:35  Probe (Chrono Boost)  
  65  6:43  Adept x3  
  68  6:53  Probe (Chrono Boost)  
  70  6:55  Probe (Chrono Boost)  
  70  7:05  Probe (Chrono Boost)  
  70  7:07  Adept x3  
  75  7:11  Probe (Chrono Boost)  
  72  7:17  Probe (Chrono Boost)  
  72  7:22  Immortal  
  78  7:23  Probe (Chrono Boost)  
  79  7:30  Probe (Chrono Boost), Adept x3  
  79  7:35  Probe (Chrono Boost)  
  86  7:37  Templar Archives  
  86  7:48  Probe (Chrono Boost)  
  79  7:53  Adept  
  79  7:54  Adept x2  
  79  7:57  Probe (Chrono Boost)  
  86  8:05  Probe (Chrono Boost)  
  83  8:06  Oracle  
  83  8:09  Probe (Chrono Boost)  
  83  8:18  Gateway x2  
  83  8:20  Gateway  
  81  8:30  Nexus  
  81  8:34  Adept x2  
Show
View Real Time Build Order
Export as new Build Order

Raze Terran 

Build Orders: 1/1/1, Liberator Opening 

Get SALT Encoding   

  12  0:00  SCV  
  13  0:12  SCV  
  14  0:17  Supply Depot  
  14  0:24  SCV  
  15  0:29  Refinery  
  15  0:39  SCV  
  16  0:44  Barracks  
  16  0:51  SCV  
  17  1:03  SCV  
  18  1:09  Supply Depot  
  18  1:15  SCV  
  19  1:32  Factory  
  19  1:34  Orbital Command  
  19  1:38  Marine  
  20  1:48  Refinery  
  20  1:55  Marine  
  22  2:01  SCV  
  22  2:13  Marine, SCV  
  24  2:17  Factory Tech Lab, Starport  
  24  2:25  SCV  
  25  2:31  Supply Depot, Marine  
  26  2:37  SCV  
  26  2:42  Widow Mine  
  29  2:49  Marine, SCV  
  30  2:57  Liberator  
  30  3:01  SCV  
  31  3:07  Marine  
  31  3:10  Fusion Core  
  35  3:35  Command Center  
  35  3:39  Marine  
  36  3:45  Supply Depot  
  36  3:50  SCV  
  37  3:58  Liberator, Advanced Ballistics  
  37  4:02  Marine  
  39  4:18  SCV  
  40  4:26  Supply Depot, Barracks Reactor  
  40  4:30  SCV  
  41  4:41  Liberator  
  41  4:42  SCV  
  42  4:50  Orbital Command  
  42  4:56  Barracks  
  42  4:58  SCV  
  46  5:04  Marine x2  
  48  5:10  SCV  
  49  5:22  SCV x2  
  49  5:23  Marine x2  
  53  5:31  Refinery, Barracks  
  53  5:34  SCV  
  53  5:35  SCV  
  55  5:39  Factory Tech Lab  
  55  5:41  Marine  
  56  5:45  Barracks Tech Lab  
  56  5:46  SCV  
  56  5:47  SCV  
  56  5:48  Bunker  
  57  5:51  Engineering Bay  
  57  5:53  Starport Reactor  
  57  5:58  Siege Tank, SCV  
  57  5:59  SCV  
  57  6:02  Marine x2  
  64  6:08  Stimpack  
  63  6:13  SCV  
  63  6:14  SCV  
  65  6:26  SCV  
  65  6:30  Siege Tank  
  69  6:35  Medivac x2  
  70  6:50  SCV  
  70  6:52  Marine  
  70  6:55  Marine  
  70  6:59  SCV  
  69  7:04  SCV  
  68  7:11  SCV  
  68  7:14  Marauder, Marine x2  
  64  7:16  Marine, SCV  
  64  7:23  SCV  
  64  7:29  SCV  
  65  7:35  SCV  
  66  7:41  Marauder, Marine x3  
  71  7:46  SCV  
  71  7:51  SCV  
  58  7:58  SCV  
  58  7:59  Marine x3  
  58  8:03  Marauder, SCV  
  53  8:11  SCV  
  40  8:21  Marine  
  40  8:23  Marine  
  40  8:24  Marine x2  
  43  8:39  Marine  
Tags
 
Add a new tag
Caveats
  • Supply blocks, unpowered buildings, or Contaminate may cause inaccurate times.
  • Supply counts are checked every 10 seconds.